General information
- name: BNet
- type: Ladder team game (AT/RT)
- host: Battle.net
- saver: AbductedByAlien
map: Deadlock
- players: 8
- length: 03:17
- speed: Fast
- version: 1.28 W3XP
- replay type: Public
» download(14 KB)
Players
team 1 (winner)
TheLastPrime (
blue | 32 APM | 104 actions | 03:17)
1 Paladin
1 Holy Light
» actions
| Assign group hotkey | 3 | |
| Build / train | 15 | |
| Enter build submenu | 8 | |
| Enter hero's abilities submenu | 1 | |
| Right click | 39 | |
| Select / deselect | 29 | |
| Select group hotkey | 2 | |
| Use ability | 7 | |
104 total
» units
» buildings
| Altar of Kings | 1 | |
| Farm | 3 | |
| Barracks | 1 | |
| Scout Tower | 1 | |
| Arcane Tower | 1 | |
| Blacksmith | 1 | |
8 total
» build order
00:36 Altar of Kings
00:38 Farm
01:17 Barracks
01:18 Farm
01:59 Farm
02:17 Scout Tower
02:46 Arcane Tower
02:59 Blacksmith

»
probably_high (
red | 31 APM | 102 actions | 03:17)
1 Blademaster
1 Wind Walk
» actions
| Assign group hotkey | 2 | |
| Build / train | 13 | |
| Enter build submenu | 6 | |
| Enter hero's abilities submenu | 1 | |
| Right click | 33 | |
| Select / deselect | 39 | |
| Use ability | 8 | |
102 total
» units
» buildings
| Altar of Storms | 2 | |
| Orc Burrow | 2 | |
| Barracks | 1 | |
| Voodoo Lounge | 1 | |
6 total
» build order
00:06 Altar of Storms
00:09 Altar of Storms
00:21 Orc Burrow
00:43 Barracks
01:50 Orc Burrow
02:07 Voodoo Lounge
wjg (
yellow | 36 APM | 118 actions | 03:17)
1 Tauren Chieftain
1 War Stomp
» actions
| Build / train | 13 | |
| Enter build submenu | 6 | |
| Enter hero's abilities submenu | 1 | |
| Right click | 43 | |
| Select / deselect | 48 | |
| Use ability | 7 | |
118 total
» units
| Peon | 7 | |
| Troll Headhunter/Berserker | 4 | |
11 total
» buildings
| Orc Burrow | 2 | |
| War Mill | 1 | |
| Altar of Storms | 1 | |
| Barracks | 1 | |
| Voodoo Lounge | 1 | |
6 total
» build order
00:10 Orc Burrow
00:32 War Mill
01:03 Altar of Storms
01:15 Barracks
01:58 Orc Burrow
02:09 Voodoo Lounge
ChacoProPlayer (
pink | 29 APM | 95 actions | 03:17)
» actions
| Basic commands | 1 | |
| Build / train | 16 | |
| Enter build submenu | 11 | |
| Right click | 26 | |
| Select / deselect | 32 | |
| Use ability | 9 | |
95 total
» units
» buildings
| Lumber Mill | 2 | |
| Farm | 3 | |
| Altar of Kings | 1 | |
| Scout Tower | 2 | |
8 total
» build order
00:21 Lumber Mill
01:01 Lumber Mill
01:11 Farm
01:30 Altar of Kings
01:43 Scout Tower
01:46 Scout Tower
03:02 Farm
03:06 Farm
team 2 (loser)
LaLiKiLLeR (
orange | 30 APM | 91 actions | 03:00)
» actions
| Assign group hotkey | 1 | |
| Build / train | 10 | |
| Enter build submenu | 7 | |
| Right click | 33 | |
| Select / deselect | 29 | |
| Select group hotkey | 5 | |
| Use ability | 6 | |
91 total
» units
» buildings
| Altar of Kings | 1 | |
| Farm | 3 | |
| Blacksmith | 1 | |
| Barracks | 1 | |
6 total
» build order
00:11 Altar of Kings
00:17 Farm
00:49 Blacksmith
01:16 Barracks
02:01 Farm
02:24 Farm

»
TekK (
purple | 15 APM | 39 actions | 02:37)
» actions
| Build / train | 5 | |
| Enter build submenu | 6 | |
| Right click | 9 | |
| Select / deselect | 13 | |
| Use ability | 6 | |
39 total
» units
» buildings
| Graveyard | 1 | |
| Crypt | 1 | |
| Ziggurat | 2 | |
| Altar of Darkness | 1 | |
| Tomb of Relics | 1 | |
6 total
» build order
00:39 Graveyard
00:44 Crypt
00:49 Ziggurat
00:53 Altar of Darkness
01:34 Ziggurat
01:36 Tomb of Relics

»
open.game (
teal | 40 APM | 124 actions | 03:07)
1 Keeper of the Grove
1 Entangling Roots
» actions
| Assign group hotkey | 1 | |
| Build / train | 15 | |
| Enter build submenu | 6 | |
| Enter hero's abilities submenu | 1 | |
| Right click | 37 | |
| Select / deselect | 42 | |
| Select group hotkey | 13 | |
| Use ability | 9 | |
124 total
» units
» buildings
| Altar of Elders | 1 | |
| Moon Well | 3 | |
| Hunter's Hall | 1 | |
| Ancient of War | 1 | |
6 total
» build order
00:14 Altar of Elders
00:20 Moon Well
02:00 Hunter's Hall
02:02 Ancient of War
02:05 Moon Well
02:22 Moon Well
AbductedByAlien (
green | 18 APM | 58 actions | 03:17)
» actions
| Build / train | 5 | |
| Enter build submenu | 4 | |
| Right click | 9 | |
| Select / deselect | 24 | |
| Use ability | 16 | |
58 total
» units
» buildings
| Altar of Kings | 1 | |
| Barracks | 1 | |
| Farm | 2 | |
4 total
» build order
00:20 Altar of Kings
00:35 Barracks
00:50 Farm
01:05 Farm
Chat log
(00:35 / Allies) LaLiKiLLeR: hi'
(00:40 / All) open.game: hello
(00:41 / Allies) open.game: hello
(00:42 / All) open.game: gl hf
(00:58 / All) probably_high: gl hf
(01:07 / Allies) open.game: kotg hunt purhs
(01:09 / Allies) open.game: pusH*
(01:21 / Allies) LaLiKiLLeR: mk rifles
(01:22 / Allies) open.game: then prob dry/fairie/hippo
(01:41 / Allies) LaLiKiLLeR: check green
(01:55 / Allies) open.game: fucking stupi
(01:57 / Allies) open.game: d
(02:14 / Allies) TekK: i hate this game
(02:15 / Allies) open.game: these guys look just a noob tho
(02:16 / Allies) TekK: such a waste of time
(02:24 / Allies) open.game: yeah
(02:26 / Allies) open.game: its gotten pathetic
(02:29 / Allies) open.game: the players on here
(02:31 / Allies) open.game: acting like kids
(02:34 / Allies) TekK: gl hf
(02:48 / Allies) LaLiKiLLeR: congrats fking troll
(02:53 / Allies) LaLiKiLLeR: u ruined another game
(02:59 / Allies) LaLiKiLLeR: get a life seriously
(03:04 / All) open.game: fucking pathetic kids on here get pleasure from ruining games
(03:17 / All) TheLastPrime: its been common lately